 Dungeon Crawl Stone Soup version 0.28-b1-1-g3c77fb2ed1 (webtiles) character file.

Game seed: 10383363248528562633

1142 Stajl the Spear-Bearer (level 8, -2/66 HPs)
             Began as a Minotaur Fighter on Jan 27, 2022.
             Was an Initiate of Trog.
             Slain by an orc warrior (8 damage)
             ... on level 5 of the Dungeon.
             The game lasted 00:05:08 (4910 turns).

Stajl the Spear-Bearer (Minotaur Fighter)           Turns: 4910, Time: 00:05:09

Health: -2/66      AC:  6    Str: 23    XL:     8   Next: 15%
Magic:  7/7        EV: 10    Int:  5    God:    Trog [......]
Gold:   290        SH:  5    Dex: 13    Spells: 7/7 levels left

rFire   + + .      SeeInvis .   a - +0 trident
rCold   + + +      Faith    .   c - +0 buckler
rNeg    . . .      Spirit   .   q - +2 robe of Pan-Flutes {rF++ rC+++ Dex-3 Stlth-}
rPois   .          Reflect  .   p - +2 hat
rElec   .          Harm     .   (no cloak)
rCorr   .          Rampage  .   (no gloves)
Will    .....                   (no boots)
Stlth   ..........              (no amulet)
HPRegen 0.21/turn               s - +6 ring of dexterity
MPRegen 0.10/turn               (no ring)

@: mighty
A: horns 2, retaliatory headbutt
a: Renounce Religion


You were on level 5 of the Dungeon.
You worshipped Trog.
Trog was noncommittal.
You visited 2 branches of the dungeon, and saw 6 of its levels.

You collected 290 gold pieces.

Inventory:

Hand Weapons
 a - a +0 trident (weapon)
Armour
 b - a +0 scale mail
 c - a +0 buckler (worn)
 p - a +2 hat (worn)
 q - the +2 robe of Pan-Flutes (worn) {rF++ rC+++ Dex-3 Stlth-}
   (You found it on level 4 of the Dungeon)

   Dex:       It affects your dexterity (-3).
   rF:        It greatly protects you from fire.
   rC:        It renders you almost immune to cold.
   Stlth:     It makes you less stealthy.
Jewellery
 s - a +6 ring of dexterity (left hand)
Wands
 k - a wand of iceblast (2)
Scrolls
 f - a scroll of fear {unknown}
 g - a scroll of enchant armour {unknown}
 l - 2 scrolls of teleportation {unknown}
 n - 3 scrolls of magic mapping {unknown}
 t - a scroll of amnesia {unknown}
 u - a scroll of vulnerability {unknown}
 v - a scroll of noise {unknown}
 w - a scroll of summoning {unknown}
Potions
 d - a potion of might
 e - 3 potions of flight {unknown}
 h - a potion of resistance {unknown}
 i - 5 potions of curing {unknown}
 j - a potion of attraction {unknown}
 m - a potion of experience {unknown}
 o - 2 potions of lignification {unknown}
 r - a potion of heal wounds {unknown}


   Skills:
 + Level 4.2 Fighting
 + Level 11.3 Polearms
 - Level 3.6 Armour
 + Level 4.2 Shields


You had 7 spell levels left.
You didn't know any spells.
Your spell library contained the following spells:

 Spells                   Type           Power      Damage    Failure   Level
 Ozocubu's Armour         Ice            0%         N/A       90%         3
 Ozocubu's Refrigeration  Ice            0%         4d5       100%        7


Dungeon Overview and Level Annotations

Branches:
Dungeon (5/15)             Temple (1/1) D:5

Altars:
Cheibriados
Elyvilon
Fedhas
Gozag
Hepliaklqana
Kikubaaqudgha
Makhleb
Okawaru
Qazlal
Ru
Sif Muna
Trog
Uskayaw
Vehumet
Wu Jian
Xom
Yredelemnul
Zin
The Shining One

Annotations:
D:5 1 runed translucent door


Innate Abilities, Weirdness & Mutations

You have a pair of horns on your head.
You reflexively headbutt those who attack you in melee.


Message History

The howler monkey is heavily wounded.
You closely miss the howler monkey.
The howler monkey is heavily wounded.
The howler monkey barely misses you.
You completely miss the howler monkey. You headbutt the howler monkey.
The howler monkey is almost dead.
The howler monkey hits you.
* * * LOW HITPOINT WARNING * * *
The centaur zombie hits you but does no damage.
The centaur zombie kicks you but does no damage.
A troll comes into view.
You puncture the howler monkey!
You kill the howler monkey!
Trog accepts your kill. The centaur zombie hits you.
* * * LOW HITPOINT WARNING * * *
The centaur zombie closely misses you. The orc warrior barely misses you.
You furiously retaliate!
You headbutt the orc warrior. You hit the bullfrog skeleton.
The bullfrog skeleton is severely damaged.
The centaur zombie closely misses you. You furiously retaliate!
You headbutt the centaur zombie!
The centaur zombie kicks you but does no damage.
The bullfrog skeleton hits you but does no damage.
You puncture the bullfrog skeleton!
You destroy the bullfrog skeleton!
Trog accepts your kill.
The centaur zombie barely misses you. x2; The orc warrior closely misses you.
You furiously retaliate!
You headbutt the orc warrior.
You block the centaur zombie's attack. x2
The centaur zombie hits you but does no damage.
The centaur zombie kicks you but does no damage.
Okay, then.
You feel very mighty all of a sudden.
The orc warrior hits you with a +0 scimitar!
* * * LOW HITPOINT WARNING * * *
You barely miss the orc warrior. Your headbutt misses the orc warrior.
The orc warrior is lightly wounded.
The orc warrior hits you with a +0 scimitar!
You die...

#..#..ZS5#.....# #.# #...
#..####################.# #.....
#.......................#
#....####.........Z.............#
..##.#.##..######################
........#..#.....#..†..#......
........#).#.....#..ZT.#......
##.....#..#..#..#..#..#T.###+
##......#..#..#.@#..#.T#..#
#....#..#.....#..o..#.....#
#..###..#!....#.....#.....# ...#
##.###################
...###....##..##..........#
.........................##
................#.#......#
......>.........#####.#.>#
................## #..#..####


You could see an orc warrior.

Vanquished Creatures
  A water moccasin (D:5)
  An ice beast (D:4)
  A black bear (D:5)
  A centaur (D:5)
  An ogre (D:4)
  2 phantoms (D:5)
  2 scorpions
  A howler monkey (D:5)
  A bullfrog skeleton (D:5)
  2 orc priests (D:5)
  2 hounds
  A scorpion zombie (D:5)
  A hound skeleton (D:5)
  Robin (D:3)
  3 gnolls (D:4)
  5 adders
  A white imp (D:5)
  An adder skeleton (D:4)
  2 dart slugs
  5 orcs (D:5)
  7 endoplasms
  A giant cockroach (D:4)
  20 goblins
  9 hobgoblins
  2 jackals (D:3)
  8 kobolds
  7 quokkas
  9 ball pythons
  4 bats (D:2)
  2 frilled lizards
  7 rats
  A spectral hobgoblin (D:2)
112 creatures vanquished.

Notes
Turn   | Place    | Note
-------+----------+-------------------------------------------
     0 | D:1      | Stajl the Minotaur Fighter began the quest for the Orb.
     0 | D:1      | Reached XP level 1. HP: 19/19 MP: 0/0
    81 | D:1      | Reached skill level 3 in Polearms
   153 | D:1      | Reached XP level 2. HP: 26/26 MP: 1/1
   469 | D:1      | Reached skill level 4 in Polearms
   926 | D:2      | Reached XP level 3. HP: 31/31 MP: 2/2
  1415 | D:2      | Reached skill level 5 in Polearms
  1518 | D:2      | Found a faded altar of an unknown god.
  1651 | D:3      | Noticed Robin
  1668 | D:3      | Reached XP level 4. HP: 30/39 MP: 3/3
  1674 | D:3      | Killed Robin
  1972 | D:3      | Found a hide-covered altar of Uskayaw.
  2525 | D:4      | Noticed an ogre
  2537 | D:4      | Killed an ogre
  2538 | D:4      | Reached skill level 6 in Polearms
  2538 | D:4      | Reached XP level 5. HP: 13/45 MP: 4/4
  2540 | D:4      | Reached skill level 7 in Polearms
  2810 | D:4      | Noticed an ice beast
  2824 | D:4      | Killed an ice beast
  2825 | D:4      | Reached skill level 8 in Polearms
  2825 | D:4      | Reached XP level 6. HP: 51/51 MP: 5/5
  2925 | D:4      | Identified the +2 robe of Pan-Flutes {rF++ rC+++ Dex-3
                  | Stlth-}
  3821 | D:5      | Entered Level 5 of the Dungeon
  3853 | D:5      | Reached skill level 9 in Polearms
  3936 | D:5      | Reached XP level 7. HP: 47/57 MP: 6/6
  4099 | D:5      | Found a runed translucent door.
  4122 | D:5      | Found a staircase to the Ecumenical Temple.
  4140 | D:5      | Reached skill level 10 in Polearms
  4148 | Temple   | Entered the Ecumenical Temple
  4410 | Temple   | Became a worshipper of Trog the Wrathful
  4778 | D:5      | Reached skill level 11 in Polearms
  4876 | D:5      | Reached XP level 8. HP: 42/66 MP: 7/7
  4897 | D:5      | Noticed a troll
  4910 | D:5      | Slain by an orc warrior

Illustrated notes

Levels and vault maps discovered:
D:1:      dpeg_arrival_more_subterranean_lakeside_camping, layout_loops_ring,
          hangedman_decor_lopped
D:2:      minmay_wonky_spiral, layout_basic,
          dreamdust_ecumenical_altar_drowned_temple
D:3:      layout_basic, nicolae_uskayaw_dance_hall, moated_statue, uniq_robin
D:4:      layout_basic, minmay_circle_x
D:5:      kennysheep_windowed_halls, layout_cave_pools,
          minmay_temple_entry_junction, ebering_ghost_sewer_d
Temple:   mainiacjoe_temple_starburst

Skill      XL: |  1  2  3  4  5  6  7 |
---------------+----------------------+-----
Polearms       | 3 4 5 6 8 9 11 | 11.3
Fighting       | 4 |  4.2
Shields        | 4 |  4.2
Armour         | |  3.6

Action                   |  1- 3 |  4- 6 |  7- 9 || total
-------------------------+-------+-------+-------++-------
Melee: Trident           |   106 |   123 |    79 ||   308
       Headbutt          |    13 |    17 |    14 ||    44
  Use: Potion            |       |     1 |     1 ||     2
Armor: Scale mail        |    35 |    17 |       ||    52
       Robe              |       |    13 |    41 ||    54
Dodge: Dodged            |    33 |    30 |    55 ||   118
Block: Buckler           |    13 |    15 |    26 ||    54
